% Time on Ice - RENO LIONS
Lines # - Real PCT - Wanted PCT - Time Play
Normal Forward
1 - 40% - 40% - 20:05
2 - 26% - 30% - 13:07
3 - 20% - 20% - 9:50
4 - 14% - 10% - 7:03
Normal Defense
1 - 35% - 36% - 17:42
2 - 32% - 31% - 16:14
3 - 25% - 23% - 12:42
4 - 7% - 10% - 3:27
PP Forward
1 - 0% - 55%
2 - 0% - 45%
PP Defense
1 - 0% - 55%
2 - 0% - 45%
PK Forward
1 - 60% - 55% - 5:56
2 - 40% - 45% - 3:59
PK Defense
1 - 44% - 55% - 4:22
2 - 56% - 45% - 5:33
PK3 Forward
1 - 0% - 55%
2 - 0% - 45%
PK3 Defense
1 - 0% - 55%
2 - 0% - 45%
44 Forward
1 - 0% - 55%
2 - 0% - 45%
44 Defense
1 - 0% - 55%
2 - 0% - 45%
Last Minute Offensive  - 0:00
Last Minute Defensive  - 0:00
Total
Forward - 60:00
Defense - 60:00
% Time on Ice - KELOWNA ROCKETS
Lines # - Real PCT - Wanted PCT - Time Play
Normal Forward
1 - 36% - 38% - 18:01
2 - 34% - 37% - 17:03
3 - 20% - 25% - 10:13
4 - 10% - 0% - 4:48
Normal Defense
1 - 37% - 37% - 18:24
2 - 36% - 35% - 18:02
3 - 27% - 28% - 13:36
4 - 0% - 0% - 0:03
PP Forward
1 - 52% - 60% - 5:12
2 - 48% - 40% - 4:43
PP Defense
1 - 52% - 60% - 5:11
2 - 48% - 40% - 4:44
PK Forward
1 - 0% - 65%
2 - 0% - 35%
PK Defense
1 - 0% - 55%
2 - 0% - 45%
PK3 Forward
1 - 0% - 60%
2 - 0% - 40%
PK3 Defense
1 - 0% - 55%
2 - 0% - 45%
44 Forward
1 - 0% - 55%
2 - 0% - 45%
44 Defense
1 - 0% - 55%
2 - 0% - 45%
Last Minute Offensive  - 0:00
Last Minute Defensive  - 0:00
Total
Forward - 60:00
Defense - 60:00
Play-by-Play 1st period 0:01 of 1st period - Steven Stamkos wins face-off versus Auston Matthews in neutral zone. 0:13 of 1st period - Icing by Jacob Trouba. 0:14 of 1st period - Anthony Cirelli wins face-off versus Steven Stamkos in RENO LIONS zone. 0:25 of 1st period - Shot by Valeri Nichushkin. 0:25 of 1st period - Shot Misses the Net. 0:27 of 1st period - Shot by Duncan Keith. 0:27 of 1st period - Stopped by Elvis Merzlikins without a rebound. 0:28 of 1st period - J.T. Compher wins face-off versus Pierre-Luc Dubois in RENO LIONS zone. 1:09 of 1st period - Shot by Pierre-Luc Dubois. 1:09 of 1st period - Shot Misses the Net. 2:47 of 1st period - Robert Hagg is hit by Anthony Cirelli and loses puck. 3:31 of 1st period - Icing by Oliver Ekman-Larsson. 3:32 of 1st period - Cody Eakin wins face-off versus Steven Stamkos in RENO LIONS zone. 3:34 of 1st period - Jonathan Dahlen is hit by Jacob Trouba. 4:29 of 1st period - Shot by Pierre-Luc Dubois. 4:29 of 1st period - Stopped by Sergei Bobrovsky without a rebound. 4:30 of 1st period - Valeri Nichushkin wins face-off versus Patrick Brown in KELOWNA ROCKETS zone. 4:30 of 1st period - Alexander Ovechkin is hit by Patrick Brown and loses puck. 6:20 of 1st period - Shot by Steven Stamkos. 6:20 of 1st period - Stopped by Sergei Bobrovsky without a rebound. 6:21 of 1st period - J.T. Compher wins face-off versus Ilya Mikheyev in KELOWNA ROCKETS zone. 6:36 of 1st period - Shot by Tyler Bertuzzi. 6:36 of 1st period - Stopped by Elvis Merzlikins without a rebound. 6:37 of 1st period - Derek Grant wins face-off versus Anthony Cirelli in RENO LIONS zone. 6:37 of 1st period - Derek Grant is hit by Alexander Ovechkin. 6:49 of 1st period - Shot by Valeri Nichushkin. 6:49 of 1st period - Deflect By Alexander Ovechkin. 6:49 of 1st period - Shot Misses the Net. 6:59 of 1st period - Shot by Alexander Ovechkin. 6:59 of 1st period - Shot Misses the Net. 7:11 of 1st period - Shot by Anthony Cirelli. 7:11 of 1st period - Stopped by Elvis Merzlikins without a rebound. 7:12 of 1st period - J.T. Compher wins face-off versus Steven Stamkos in RENO LIONS zone. 7:16 of 1st period - Icing by Steven Stamkos. 7:17 of 1st period - Auston Matthews wins face-off versus Steven Stamkos in RENO LIONS zone. 7:20 of 1st period - Shot by Pavel Buchnevich. 7:20 of 1st period - Shot Misses the Net. 7:42 of 1st period - Shot by Elias Pettersson. 7:42 of 1st period - Deflect By Kirill Kaprizov. 7:42 of 1st period - Stopped by Sergei Bobrovsky with a rebound. 7:53 of 1st period - Kirill Kaprizov is hit by Dmitri Orlov and loses puck. 7:57 of 1st period - Elias Pettersson is hit by Dmitri Orlov. 7:59 of 1st period - Shot by Steven Stamkos. 7:59 of 1st period - Deflect By Kirill Kaprizov. 7:59 of 1st period - Stopped by Sergei Bobrovsky without a rebound. 8:00 of 1st period - Pierre-Luc Dubois wins face-off versus J.T. Compher in KELOWNA ROCKETS zone. 8:05 of 1st period - Shot by Ilya Mikheyev. 8:05 of 1st period - Shot Blocked by Duncan Keith. 8:07 of 1st period - Shot by Pierre-Luc Dubois. 8:07 of 1st period - Shot Blocked by Duncan Keith. 8:20 of 1st period - Shot by Ilya Mikheyev. 8:20 of 1st period - Stopped by Sergei Bobrovsky without a rebound. 8:21 of 1st period - Patrick Brown wins face-off versus Anthony Cirelli in KELOWNA ROCKETS zone. 8:47 of 1st period - Shot by Anthony Cirelli. 8:47 of 1st period - Stopped by Elvis Merzlikins without a rebound. 8:48 of 1st period - J.T. Compher wins face-off versus Pierre-Luc Dubois in RENO LIONS zone. 8:49 of 1st period - Shot by Tyler Bertuzzi. 8:49 of 1st period - Shot Misses the Net. 8:57 of 1st period - Tyler Bertuzzi is hit by Pierre-Luc Dubois and loses puck. 9:11 of 1st period - Off-side. 9:12 of 1st period - Steven Stamkos wins face-off versus Anthony Cirelli in neutral zone. 9:17 of 1st period - Shot by Steven Stamkos. 9:17 of 1st period - Shot Misses the Net. 9:25 of 1st period - Icing by Nikita Zadorov. 9:26 of 1st period - Auston Matthews wins face-off versus Steven Stamkos in RENO LIONS zone. 9:35 of 1st period - Shot by Pavel Buchnevich. 9:35 of 1st period - Stopped by Elvis Merzlikins without a rebound. 9:36 of 1st period - Pierre-Luc Dubois wins face-off versus Anthony Cirelli in RENO LIONS zone. 9:53 of 1st period - Shot by Alexander Ovechkin. 9:53 of 1st period - Stopped by Elvis Merzlikins without a rebound. 9:54 of 1st period - Auston Matthews wins face-off versus Steven Stamkos in RENO LIONS zone. 11:21 of 1st period - Shot by Valeri Nichushkin. 11:21 of 1st period - Shot Misses the Net. 12:08 of 1st period - Shot by Tyler Bertuzzi. 12:08 of 1st period - Deflect By J.T. Compher. 12:08 of 1st period - Shot Hit the Post. 12:10 of 1st period - Shot by Derek Ryan. 12:10 of 1st period - Stopped by Elvis Merzlikins without a rebound. 12:11 of 1st period - Steven Stamkos wins face-off versus Cody Eakin in RENO LIONS zone. 13:22 of 1st period - Auston Matthews is hit by Nikita Zadorov and loses puck. 13:25 of 1st period - Shot by Auston Matthews. 13:25 of 1st period - Stopped by Elvis Merzlikins without a rebound. 13:26 of 1st period - Patrick Brown wins face-off versus J.T. Compher in RENO LIONS zone. 13:50 of 1st period - Off-side. 13:51 of 1st period - Derek Grant wins face-off versus Auston Matthews in neutral zone. 14:09 of 1st period - Shot by Vladimir Tarasenko. 14:09 of 1st period - Deflect By Auston Matthews. 14:09 of 1st period - Stopped by Elvis Merzlikins with a rebound. 14:11 of 1st period - Shot by Pavel Buchnevich. 14:11 of 1st period - Stopped by Elvis Merzlikins without a rebound. 14:12 of 1st period - Steven Stamkos wins face-off versus Anthony Cirelli in RENO LIONS zone. 14:14 of 1st period - Icing by Kirill Kaprizov. 14:15 of 1st period - Anthony Cirelli wins face-off versus Steven Stamkos in RENO LIONS zone. 14:15 of 1st period - Anthony Cirelli is hit by Robert Hagg. 14:34 of 1st period - Kirill Kaprizov is hit by Duncan Keith and loses puck. 14:46 of 1st period - Kirill Kaprizov is hit by Anthony DeAngelo and loses puck. 15:30 of 1st period - Pavel Buchnevich is hit by Ilya Mikheyev and loses puck. 15:39 of 1st period - Shot by Cam Atkinson. 15:39 of 1st period - Stopped by Sergei Bobrovsky with a rebound. 15:41 of 1st period - Shot by Jacob Trouba. 15:41 of 1st period - Shot Misses the Net. 15:43 of 1st period - Shot by Oliver Ekman-Larsson. 15:43 of 1st period - Shot Misses the Net. 15:45 of 1st period - Shot by Ilya Mikheyev. 15:45 of 1st period - Shot Misses the Net. 15:48 of 1st period - Ilya Mikheyev is hit by Jonathon Merrill and loses puck. 15:51 of 1st period - Shot by Pierre-Luc Dubois. 15:51 of 1st period - Stopped by Sergei Bobrovsky with a rebound. 16:33 of 1st period - Shot by Tyler Bertuzzi. 16:33 of 1st period - Stopped by Elvis Merzlikins without a rebound. 16:34 of 1st period - Steven Stamkos wins face-off versus Cody Eakin in RENO LIONS zone. 16:39 of 1st period - Shot by Elias Pettersson. 16:39 of 1st period - Shot Misses the Net. 16:45 of 1st period - Shot by Steven Stamkos. 16:45 of 1st period - Stopped by Sergei Bobrovsky without a rebound. 16:46 of 1st period - Patrick Brown wins face-off versus Anthony Cirelli in KELOWNA ROCKETS zone. 17:53 of 1st period - Valeri Nichushkin is hit by Nikita Zadorov and loses puck. 18:13 of 1st period - Steven Stamkos is hit by Anthony DeAngelo and loses puck. 19:07 of 1st period - Minor Penalty to Ilya Mikheyev for Holding. 19:08 of 1st period - J.T. Compher wins face-off versus Patrick Brown in RENO LIONS zone. 19:17 of 1st period - Shot by Tyler Bertuzzi. 19:17 of 1st period - Stopped by Elvis Merzlikins without a rebound. 19:18 of 1st period - Alexander Ovechkin wins face-off versus Kirill Kaprizov in RENO LIONS zone. 19:45 of 1st period - Shot by Alexander Ovechkin. 19:45 of 1st period - Shot Misses the Net. 19:47 of 1st period - Shot by Auston Matthews. 19:47 of 1st period - Shot Misses the Net. Goals for this period are 0 for RENO LIONS vs 0 for KELOWNA ROCKETS. Shots for this period are 8 for RENO LIONS vs 12 for KELOWNA ROCKETS. 2nd period 0:01 of 2nd period - Auston Matthews wins face-off versus Kirill Kaprizov in neutral zone. 0:33 of 2nd period - Shot by Alex